 Dungeon Crawl Stone Soup version 0.32-a0-656-g3542139ebd (webtiles) character file.

Game seed: 9230087566600270106

219 kae the Slasher (level 5, -7/38 HPs)
             Began as a Coglin Gladiator on Mar 8, 2024.
             Mangled by an iguana (10 damage)
             ... on level 3 of the Dungeon.
             The game lasted 00:02:14 (2424 turns).

kae the Slasher (Coglin Gladiator)                  Turns: 2424, Time: 00:02:14

Health: -7/38      AC:  4    Str: 14    XL:     5   Next: 96%
Magic:  5/5        EV: 12    Int:  7    God:
Gold:   115        SH:  0    Dex: 18    Spells: 4/4 levels left

rFire   . . .        a - +1 long sword {Annika}
rCold   . . .        f - +0 dagger {Iseul}
rNeg    . . .        b - +0 leather armour
rPois   .            c - +0 helmet
rElec   .            (no cloak)
rCorr   .            (no gloves)
SInv    .            (no boots)
Will    .....        (amulet unavailable)
Stlth   +            (ring unavailable)
HPRegen 0.26/turn    (ring unavailable)
MPRegen 0.09/turn    (no gizmo)

%: no passive effects
@: revved
A: off-hand wielding, slow wielding, warmup strikes, no jewellery
a: Invent Gizmo


You were on level 3 of the Dungeon.
You visited 1 branch of the dungeon, and saw 3 of its levels.

You collected 141 gold pieces.
You spent 26 gold pieces at shops.


Innate Abilities, Weirdness & Mutations

You can wield a second weapon in your off-hand.
It takes a long time for you to wield or remove held weapons.
Your first few attacks do less damage.
You cannot equip rings or amulets.


   Skills:
 - Level 2.0 Fighting
 + Level 6.4 Long Blades
 - Level 1.7 Throwing
 - Level 2.6 Dodging


You had 4 spell levels left.
You didn't know any spells.
Your spell library contained the following spells:

 Spells                   Type           Power      Damage    Failure   Level
 Freeze                   Ice            0%         1d3       52%         1
 Lesser Beckoning         Tloc           0%         N/A       65%         2
 Frozen Ramparts          Ice            0%         1d1       87%         3
 Gell's Gravitas          Tloc           0%         N/A       87%         3
 Hailstorm                Conj/Ice       0%         3d5       87%         3
 Teleport Other           Tloc           0%         N/A       87%         3

Inventory:

Hand Weapons
 a - a +1 long sword (weapon) {Annika}
 f - a +0 dagger (offhand) {Iseul}
Missiles
 d - 3 throwing nets (quivered) {=f!f}
 e - a javelin
 h - 41 stones
 i - 16 poisoned darts
Armour
 b - a +0 leather armour (worn)
 c - a +0 helmet (worn)
Jewellery
 g - an amulet of regeneration
   (You found it on level 2 of the Dungeon)
 S - a +6 ring of strength
   (You found it on level 3 of the Dungeon)
 W - a ring of magical power
   (You found it on level 3 of the Dungeon)
Wands
 m - a wand of polymorph (8)
   (You found it on level 2 of the Dungeon)
Scrolls
 j - a scroll of immolation {unknown}
 l - 3 scrolls of teleportation {@r4}
Potions
 k - a potion of brilliance
 p - 2 potions of mutation {!q}

Dungeon Overview and Level Annotations

Branches:
Dungeon (3/15) Zot: 15568

Altars:
Cheibriados

Shops:
D:2

? ########.# #.########.# ##
#.####.# #.# .. #.#....# #.# ####
###### #.#.#### #.# #.## .....#
#รท#.# ######.# #... .....#
#.#.#. #......# #.## .....#
#.#.#..###.############.#. .....#
#.#.#....#................
รท....###.#.# #l@..............#.
...........#...................#.
.#########.##...##############.#.
..# #.###################.#. ..#
#.....................#.
..##############################.
.................................
.##.#####.........##############.
.##.....#.........# #.


You could see an iguana.


Message History

The hobgoblin shouts!
A hobgoblin is nearby!
A quokka comes into view.
The hobgoblin barely misses you.
You hit the hobgoblin with your +0 dagger.
You barely miss the hobgoblin with your +1 long sword.
The hobgoblin hits you. ๐Ÿ˜• HP[-3]
You take 3 damage, and now have 35/38 hp.
There are monsters nearby!
You hit the hobgoblin with your +0 dagger.
You closely miss the hobgoblin with your +1 long sword.
The hobgoblin hits you.
You barely miss the hobgoblin with your +1 long sword.
You barely miss the hobgoblin with your +0 dagger.
The hobgoblin barely misses you.
There are monsters nearby!
You closely miss the hobgoblin with your +0 dagger.
You hit the hobgoblin with your +1 long sword.
You kill the hobgoblin! ๐Ÿ˜• HP[+1]
A quokka is nearby!
You hit the quokka with your +0 dagger.
You barely miss the quokka with your +1 long sword.
The quokka misses you.
You barely miss the quokka with your +0 dagger.
You closely miss the quokka with your +1 long sword.
The quokka closely misses you.
A quokka is nearby!
A quokka is nearby!
You slash the quokka with your +1 long sword!
You kill the quokka!
No target in view!
l - 3 scrolls of teleportation {@r4} (gained 1)
You see here a quokka corpse.
Found a snail-covered altar of Cheibriados.
No target in view!
No target in view! ๐Ÿ˜Ž HP[+2]
Your hp is fully restored (38).
You see here a beast talisman.
There is an open door here.
You pick up a book of Frost and begin reading...
You add the spells Freeze, Frozen Ramparts and Hailstorm to your library.
No target in view!
No target in view!
There is an open door here.
h - 41 stones (gained 5)
W - a ring of magical power No target in view!
No target in view!
You open the door.
There is an open door here.
You open the door.
There is a snail-covered altar of Cheibriados here.
There is an open door here.
There is a stone staircase leading down here.
Key pressed, stopping explore.
No target in view!
No target in view!
You see here a ball python skeleton.
An iguana comes into view.
The iguana barely misses you.
You hit the iguana but do no damage.
You closely miss the iguana with your +1 long sword.
The iguana bites you! ๐Ÿ˜ฎ HP[-10]
You take 10 damage, and now have 28/38 hp.
MASSIVE DAMAGE!! (PAUSE)
You hit the iguana but do no damage.
You hit the iguana with your +1 long sword.
The iguana barely misses you. ๐Ÿ˜• HP[+1]
You closely miss the iguana with your +1 long sword.
You completely miss the iguana with your +0 dagger.
The iguana bites you. ๐Ÿ˜ฎ HP[-6]
You take 6 damage, and now have 23/38 hp.
You barely miss the iguana with your +1 long sword.
You hit the iguana but do no damage. The iguana bites you!
* * * LOW HITPOINT WARNING * * *
๐Ÿ˜จ HP[-7]
You take 7 damage, and now have 16/38 hp.
You barely miss the iguana with your +0 dagger.
You hit the iguana with your +1 long sword.
The iguana bites you.
* * * LOW HITPOINT WARNING * * *
๐Ÿ˜จ HP[-1]
You take 1 damage, and now have 15/38 hp.
You hit the iguana with your +0 dagger.
You barely miss the iguana with your +1 long sword.
The iguana bites you!
* * * LOW HITPOINT WARNING * * *
๐Ÿ˜ฑ HP[-12]
You take 12 damage, and now have 3/38 hp.
MASSIVE DAMAGE!! (PAUSE)
You hit the iguana but do no damage.
You barely miss the iguana with your +1 long sword.
The iguana bites you!
You die...

Skill      XL: |  1  2  3  4  5 |
---------------+----------------+-----
Long Blades    | 4 5 6 |  6.4
Fighting       | |  2.0
Throwing       | |  1.7
Dodging        | |  2.6

Action                     |  1- 3 |  4- 6 || total
---------------------------+-------+-------++-------
  Melee: Dagger            |    56 |    68 ||   124
         Long sword        |    55 |    72 ||   127
    Use: Scroll            |     3 |     4 ||     7
   Stab: Sleeping          |     2 |     1 ||     3
 Armour: Leather armour    |    22 |    35 ||    57
  Dodge: Dodged            |    32 |    33 ||    65

Levels and vault maps discovered:
D:1:      psy_arrival_statuary, layout_basic, serial_bayou,
          serial_bayou_shore_b, serial_bayou_shore_b, serial_bayou_pond_b,
          serial_bayou_pond_e, glass_columns_a, chequers_serial_rivers_micro_d
D:2:      layout_loops_corners, hellmonk_ecumenical_altar_leap_of_faith,
          serial_shops, shop
D:3:      layout_basic, mainiacjoe_overflow_alcove_2,
          mainiacjoe_overflow_six_doors_small, gammafunk_ghost_necromancy

Notes
Turn   | Place    | Note
-------+----------+-------------------------------------------
     0 | D:1      | kae the Coglin Gladiator began the quest for the Orb.
     0 | D:1      | Reached XP level 1. HP: 16/16 MP: 1/1
     0 | D:1      | magus.rc [v1.11.3]
   176 | D:1      | Reached XP level 2. HP: 22/22 MP: 2/2
   469 | D:1      | You pick up a book of Displacement and begin reading...
   469 | D:1      | You add the spells Lesser Beckoning, Gell's Gravitas and
                  | Teleport Other to your library.
   511 | D:1      | Reached skill level 4 in Long Blades
   561 | D:1      | Reached XP level 3. HP: 27/27 MP: 3/3
   935 | D:2      | Found Logentiaxi's Magic Scroll Boutique.
   942 | D:2      | Bought a scroll of identify for 26 gold pieces
  1362 | D:2      | Reached skill level 5 in Long Blades
  1362 | D:2      | Reached XP level 4. HP: 26/33 MP: 4/4
  1450 | D:2      | Reached XP level 5. HP: 38/38 MP: 5/5
  1597 | D:2      | Found a faded altar of an unknown god.
  1831 | D:3      | Noticed a phantom
  1853 | D:3      | Killed a phantom
  1854 | D:3      | Reached skill level 6 in Long Blades
  2237 | D:3      | Found a snail-covered altar of Cheibriados.
  2254 | D:3      | You pick up a book of Frost and begin reading...
  2254 | D:3      | You add the spells Freeze, Frozen Ramparts and Hailstorm to
                  | your library.
  2423 | D:3      | HP: 3/38 [iguana (13)]
  2424 | D:3      | Mangled by an iguana

Vanquished Creatures
  A phantom (D:3)
  A gnoll bouda (D:2)
  5 gnolls (D:2)
  An adder (D:2)
  2 dart slugs
  3 bats (D:2)
  6 endoplasms
  A giant cockroach (D:2)
  10 hobgoblins
  4 quokkas
  12 ball pythons
  3 frilled lizards
  3 goblins
  2 kobolds (D:1)
  5 rats
59 creatures vanquished.

Table legend:
 A = Non-vault XP
 B = Vault XP
 C = Vault XP percentage of total XP
 D = Non-vault monster count
 E = Vault monster count
 F = Vault count percentage of total count
                 A         B        C        D         E       F
            +---------+---------+-------+---------+---------+-------
      Total |     309 |       5 |   1.6 |      56 |       3 |   5.1
            +---------+---------+-------+---------+---------+-------
        D:1 |      36 |       5 |  12.2 |      21 |       3 |  12.5
        D:2 |     146 |       0 |   0.0 |      21 |       0 |   0.0
        D:3 |     127 |       0 |   0.0 |      14 |       0 |   0.0
            +---------+---------+-------+---------+---------+-------

Skill      XL: |  1  2  3  4  5 |
---------------+----------------+-----
Long Blades    | 4 5 6 |  6.4
Fighting       | |  2.0
Throwing       | |  1.7
Dodging        | |  2.6

Action                     |  1- 3 |  4- 6 || total
---------------------------+-------+-------++-------
  Melee: Dagger            |    56 |    68 ||   124
         Long sword        |    55 |    72 ||   127
    Use: Scroll            |     3 |     4 ||     7
   Stab: Sleeping          |     2 |     1 ||     3
 Armour: Leather armour    |    22 |    35 ||    57
  Dodge: Dodged            |    32 |    33 ||    65

Illustrated notes

Table legend:
 A = Kills in this place as a percentage of kills in the entire game.
 B = Kills by you in this place as a percentage of kills by you in the entire game.
 C = Kills by friends in this place as a percentage of kills by friends in the entire game.
 D = Other kills in this place as a percentage of other kills in the entire game.
 E = Experience gained in this place as a percentage of experience gained in the entire game.
 F = Experience gained in this place divided by the number of levels of this place that you have seen.
                   A       B       C       D       E      F
               +-------+-------+-------+-------+-------+----------------------
         Total | 100.0 | 100.0 |   N/A |   N/A | 100.0 | 104.7
       Dungeon | 100.0 | 100.0 |   N/A |   N/A | 100.0 | 104.7
               +-------+-------+-------+-------+-------+----------------------

Table legend: (Time is in decaauts)
 A = Elapsed time spent in this place.
 B = Non-inter-level travel time spent in this place.
 C = Inter-level travel time spent in this place.
 D = Time resting spent in this place.
 E = Time spent auto-exploring this place.
 F = Levels seen in this place.
 G = Mean time per level.
                   A        B        C        D        E       F      G
               +--------+--------+--------+--------+--------+-----+--------+
         Total |   2430 |   2358 |     72 |      3 |   2028 |   3 |  810.0 |
       Dungeon |   2430 |   2358 |     72 |      3 |   2028 |   3 |  810.0 |
               +--------+--------+--------+--------+--------+-----+--------+

Top non-repeatable levels by time:
     D:2: 1033 daAuts
     D:1: 745 daAuts
     D:3: 651 daAuts
